 Dungeon Crawl Stone Soup version 0.29-a0-830-gcb1280458a (webtiles) character file.

Game seed: 11824907949946848810

28627 gruber the Fighter (level 13, -16/106 HPs)
             Began as a Djinni Fire Elementalist on July 11, 2022.
             Was a High Priest of Makhleb.
             Demolished by a death yak (23 damage)
             ... on level 2 of the Lair of Beasts.
             The game lasted 00:24:11 (21763 turns).

gruber the Fighter (Djinni Fire Elementalist)      Turns: 21763, Time: 00:24:12

Health: -16/106    AC:  8    Str:  7    XL:     13   Next: 74%
Gold:   745        EV: 18    Int: 21    God:    Makhleb [*****.] SH: 13 Dex: 15

rFire   + . .      SeeInvis .   V - +8 rapier of Beyond {venom, Will++}
rCold   + . .      Faith    .   K - +2 kite shield
rNeg    . . .      Spirit   .   u - +1 leather armour {rC+}
rPois   ∞          Reflect  .   R - +0 helmet
rElec   .          Harm     .   a - +0 cloak {rPois}
rCorr   .          Rampage  .   d - +0 pair of gloves
Will    +++..                   (boots unavailable)
Stlth   ++........              t - amulet of the acrobat
HPRegen 0.27/turn               L - ring of ice
MPRegen 0.00/turn               o - +4 ring of evasion

@: about to teleport, flying, very slightly contaminated
A: sickness immunity, fire resistance 2, cold vulnerability 1, float, innate
caster, HP casting, extra vitality 1
a: Renounce Religion, Minor Destruction, Lesser Servant of Makhleb, Major
Destruction, Greater Servant of Makhleb


You were on level 2 of the Lair of Beasts.
You worshipped Makhleb.
Makhleb was extremely pleased with you.
You visited 2 branches of the dungeon, and saw 14 of its levels.

You collected 860 gold pieces.
You spent 115 gold pieces at shops.

Inventory:

Hand Weapons
 h - a +0 vorpal flail
 x - a +6 flail of protection
 V - the +8 rapier of Beyond (weapon) {venom, Will++}
   (You found it on level 3 of the Lair of Beasts)

   It poisons the flesh of those it strikes.
   Will:      It greatly increases your willpower.
Missiles
 J - 3 throwing nets
Armour
 a - a +0 cloak of poison resistance (worn)
 d - a +0 pair of gloves (worn)
 u - a +1 leather armour of cold resistance (worn)
 K - a +2 kite shield (worn)
 R - a +0 helmet (worn)
Jewellery
 k - a ring of protection from fire
 o - a +4 ring of evasion (right hand)
 t - an amulet of the acrobat (around neck)
 y - a +4 ring of evasion
 E - a +6 ring of dexterity
 F - a ring of see invisible
 L - a ring of ice (left hand)
 Q - a ring of resist corrosion
Wands
 v - a wand of iceblast (11)
 D - a wand of acid (5)
 G - a wand of digging (7)
 N - a wand of flame (29)
 P - a wand of mindburst (9)
Scrolls
 b - 4 scrolls of amnesia {unknown}
 g - 4 scrolls of enchant weapon {unknown}
 i - 9 scrolls of identify
 n - 6 scrolls of teleportation
 p - a scroll of acquirement {unknown}
 q - 2 scrolls of brand weapon {unknown}
 r - 5 scrolls of noise
 w - 4 scrolls of fear {unknown}
 z - 3 scrolls of immolation {unknown}
 B - 2 scrolls of torment {unknown}
 M - 3 scrolls of vulnerability {unknown}
 O - a scroll of silence {unknown}
 T - a scroll of blinking {unknown}
 U - a scroll of magic mapping {unknown}
Potions
 c - 2 potions of degeneration {unknown}
 e - 6 potions of curing {unknown}
 f - 6 potions of mutation {unknown}
 j - a potion of cancellation {unknown}
 l - 2 potions of haste {unknown}
 m - 2 potions of resistance {unknown}
 s - 4 potions of might {unknown}
 A - 3 potions of attraction {unknown}
 C - 2 potions of invisibility {unknown}
 H - a potion of flight {unknown}
 I - 2 potions of heal wounds {unknown}
 S - a potion of berserk rage {unknown}


   Skills:
 * Level 14.9 Fighting
 - Level 4.2 Armour
 - Level 8.1 Dodging
 - Level 1.5 Stealth
 - Level 9.4 Shields
 - Level 9.0 Spellcasting


You couldn't memorise any spells.
You knew the following spells:

 Your Spells              Type           Power      Damage    Failure   Level
a - Foxfire               Conj/Fire      100%       2x1d9     1%          1
b - Scorch                Fire           94%        2d9       1%          2
c - Conjure Flame         Conj/Fire      47%        6-21      1%          3
d - Inner Flame           Hex/Fire       47%        N/A       1%          3
e - Flame Wave            Conj/Fire      47%        2d10      6%          4
f - Slow                  Hex            100%       N/A       1%          1
g - Static Discharge      Conj/Air       47%        3-9/arc   1%          2
h - Ozocubu's Armour      Ice            63%        N/A       1%          3
i - Summon Lightning Spi  Summ/Air       47%        N/A       6%          4
j - Irradiate             Conj/Tmut      23%        3d19      16%         5
k - Lightning Bolt        Conj/Air       23%        1d39      16%         5
Your spell library was empty.

Dungeon Overview and Level Annotations

Branches:
Dungeon (11/15)            Temple (0/1) D:5            Lair (3/6) D:11
  Swamp (0/4) Lair:3        Snake (0/4) Lair:3
    Orc: D:9-12

Altars:
Ashenzari
Cheibriados
Elyvilon
Fedhas
Makhleb
Nemelex Xobeh
Okawaru
Trog
Wu Jian
Xom
Yredelemnul
Zin
The Shining One

Shops:
D:3 !   D:4 [   D:11 *

Annotations:
D:8 1 runed translucent door, Zebulonius's ghost, novice MiMo


Innate Abilities, Weirdness & Mutations

You are immune to sickness and miasma.
You are immune to poison.
Your flesh is very heat resistant. (rF++)
You are vulnerable to cold. (rC-)
You float through the air rather than walking.
You learn spells naturally, not from books.
Your magical power is your life essence.
You have superior vitality. (+4 MHP)


Message History

* * * LOW HITPOINT WARNING * * *
x2 Your lightning spire shoots out a bolt of lightning at the death yak!
The bolt of electricity hits the death yak!
Unknown command.
Unknown command.
Casting: Lightning Bolt (dangerous; 16% risk of failure)
Confirm with . or Enter, or press ? or * to list all spells.
Aiming: Lightning Bolt (dangerous; 16% risk of failure)
Press: ? - help, Shift-Dir - straight line, f/p - death yak
Aim: a death yak (88% to hit)
You hear a mighty clap of thunder!
The bolt of lightning hits the death yak!!
The death yak is moderately wounded.
* * * LOW HITPOINT WARNING * * *
You hear an angry growl.
You block the death yak's attack.
Your lightning spire shoots out a bolt of lightning at the death yak!
The bolt of electricity hits the death yak! x2
Unknown command.
Unknown command.
You block the death yak's attack. The death yak attacks as you move away!
The death yak completely misses you.
Your lightning spire shoots out a bolt of lightning at the death yak!
The bolt of electricity hits the death yak! x2
The bolt of electricity hits the death yak.
Your lightning spire shoots out a bolt of lightning at the death yak!
The bolt of electricity hits the death yak.
The bolt of electricity hits the death yak!
Your lightning spire disappears in a puff of smoke!
The death yak attacks as you move away! You block the death yak's attack.
There is a stone staircase leading up here.
The death yak gores you!
* * * LOW HITPOINT WARNING * * *
You fly upwards.
There is a stone staircase leading down here.
Unknown command.
Unknown command.
As you read the scroll of teleportation, it crumbles to dust.
You feel strangely unstable. The death yak gores you!!
You die...

#.P# ###..### #........P ..##
#.#..# ##.......# #.# ##...#
##.......+ ..#### ##.##
#......... ...#.# ##.# ###.P#.P##
#...## ###^.## #####..#. ##..#
#.....###### ##P#P#.#.. ##.+###
##).P.#.P.#.# ##.........
......###.......@...###...[......
......##........Y...##.#.........
..>...##...........####).......<.
....................# ##.........
........#..>........# #.........
........[.).........####.........
...................##.##.........
......'.#..........###...........
.......#.........................


You could see a death yak.

Vanquished Creatures
  Fannar (D:9)
  2 hydras
  A two-headed ogre (D:8)
  A tengu warrior (D:11)
  A bog body (Lair:3)
  A black mamba (Lair:3)
  10 cane toads
  2 gargoyles (D:11)
  Maggie (D:6)
  Psyche (D:8)
  2 unseen horrors (D:11)
  A freezing wraith (D:11)
  6 komodo dragons
  A troll (D:11)
  Prince Ribbit (D:7)
  A slime creature (D:11)
  Sigmund (D:6)
  A shadow (D:11)
  31 yaks
  A wyvern (D:9)
  A basilisk (Lair:2)
  4 nagas (Lair:3)
  A steam dragon (D:7)
  Edmund (D:4)
  2 acid dragons (D:11)
  3 vampire mosquitoes
  8 water moccasins
  4 orc warriors
  2 black bears
  A sky beast (D:8)
  4 ice beasts
  3 wolves (Lair:2)
  5 centaurs
  An ogre (D:6)
  7 bullfrogs
  A gnoll sergeant (D:7)
  3 kobold brigands (D:7)
  3 necrophages
  6 scorpions
  4 wights (D:7)
  19 killer bees
  2 electric eels (D:7)
  7 howler monkeys
  2 gnoll boudas
  A jelly (D:5)
  3 orc priests
  Crazy Yiuf (D:4)
  2 hounds
  3 iguanas
  Natasha (D:4)
  4 orc wizards
  A nameless horror (D:11)
  28 gnolls
  13 adders
  A shadow imp (D:6)
  2 white imps (D:6)
  3 ufetubi
  3 worms
  25 orcs
  3 bats (D:1)
  4 endoplasms
  4 giant cockroaches
  7 goblins
  7 hobgoblins
  13 kobolds
  8 quokkas
  4 ball pythons
  4 frilled lizards
  5 rats
311 creatures vanquished.

Vanquished Creatures (collateral kills)
  Snorg (D:10)
  A two-headed ogre (D:10)
  2 death yaks (Lair:3)
  A cane toad (Lair:3)
  A gargoyle (D:11)
  A hornet (D:8)
  10 yaks
  2 vampire mosquitoes (D:11)
  A centaur (D:8)
  2 kobold brigands
  3 gnoll sergeants
  A wight (D:7)
  2 killer bees (D:9)
  A jelly (D:8)
  An iguana (D:7)
  2 orc wizards
  5 gnolls
  3 orcs (D:7)
  10 kobolds
  12 foxfires
62 creatures vanquished.

Vanquished Creatures (others)
  An orc priest (D:7)
  An orc wizard (D:11)
  1333 foxfires
  9 fungi
  9 plants
1353 creatures vanquished.

Grand Total: 1726 creatures vanquished

Notes
Turn   | Place    | Note
-------+----------+-------------------------------------------
     0 | D:1      | gruber the Djinni Fire Elementalist began the quest for the
                  | Orb.
     0 | D:1      | gruber set off with the following spells memorised:
                  | Foxfire, Scorch, Conjure Flame, Inner Flame, Flame Wave.
     0 | D:1      | Reached XP level 1. HP: 15/15 MP: 0/0
   260 | D:1      | Found a faded altar of an unknown god.
   422 | D:1      | Reached XP level 2. HP: 11/21 MP: 0/0
  1090 | D:1      | Reached XP level 3. HP: 13/25 MP: 0/0
  1090 | D:1      | Learned a level 1 spell: Slow
  1874 | D:2      | Reached XP level 4. HP: 23/31 MP: 0/0
  2692 | D:2      | Found a burning altar of Makhleb.
  2707 | D:2      | Became a worshipper of Makhleb the Destroyer
  2765 | D:2      | Reached XP level 5. HP: 32/35 MP: 0/0
  2765 | D:2      | Learned a level 2 spell: Static Discharge
  3588 | D:3      | Found Holockov's Distillery.
  3839 | D:3      | Reached XP level 6. HP: 38/40 MP: 0/0
  4054 | D:3      | Found an ornate altar of the Wu Jian Council.
  4314 | D:3      | Found a broken altar of Ashenzari.
  4440 | D:4      | Found Ocumuotit's Antique Armour Emporium.
  4445 | D:4      | Bought a glowing leather armour for 115 gold pieces
  4482 | D:4      | Reached skill level 5 in Spellcasting
  4861 | D:4      | Found a runed translucent door.
  4862 | D:4      | Noticed Crazy Yiuf
  4864 | D:4      | Noticed Natasha
  5051 | D:4      | Reached XP level 7. HP: 39/45 MP: 0/0
  5051 | D:4      | Learned a level 3 spell: Ozocubu's Armour
  5121 | D:4      | Noticed Edmund
  5132 | D:4      | Killed Edmund
  5550 | D:4      | Reached skill level 1 in Fighting
  5828 | D:4      | Reached skill level 2 in Fighting
  5921 | D:4      | Found a shimmering altar of Xom.
  6011 | D:4      | Found a glowing silver altar of Zin.
  6012 | D:4      | Found a glowing golden altar of the Shining One.
  6013 | D:4      | Found a white marble altar of Elyvilon.
  6346 | D:4      | Killed Crazy Yiuf
  6347 | D:4      | Reached skill level 3 in Fighting
  6349 | D:4      | Killed Natasha
  6523 | D:5      | Entered Level 5 of the Dungeon
  6548 | D:5      | Reached XP level 8. HP: 51/58 MP: 0/0
  6666 | D:5      | Reached skill level 4 in Fighting
  6720 | D:5      | Reached * piety under Makhleb
  6885 | D:5      | Reached skill level 5 in Fighting
  6978 | D:5      | Found a sparkling altar of Nemelex Xobeh.
  7112 | D:5      | Found an iron altar of Okawaru.
  7256 | D:5      | Found a staircase to the Ecumenical Temple.
  7549 | D:6      | Noticed Maggie
  7565 | D:6      | Killed Maggie
  7566 | D:6      | Reached skill level 5 in Dodging
  7796 | D:6      | Reached XP level 9. HP: 61/65 MP: 0/0
  7796 | D:6      | Learned a level 4 spell: Summon Lightning Spire
  8000 | D:6      | Noticed Sigmund
  8014 | D:6      | Killed Sigmund
  8655 | D:7      | Reached ** piety under Makhleb
  9043 | D:7      | Noticed Prince Ribbit
  9049 | D:7      | Killed Prince Ribbit
  9238 | D:7      | Reached XP level 10. HP: 29/70 MP: 0/0
 10299 | D:7      | Reached *** piety under Makhleb
 11024 | D:8      | Noticed Psyche
 11199 | D:8      | Found a blossoming altar of Fedhas.
 11199 | D:8      | Found a faded altar of an unknown god.
 11226 | D:8      | Found a bloodstained altar of Trog.
 11228 | D:8      | Found a snail-covered altar of Cheibriados.
 11230 | D:8      | Found a basalt altar of Yredelemnul.
 11275 | D:8      | Found a runed translucent door.
 11275 | D:8      | Noticed Zebulonius's ghost (novice MiMo)
 11388 | D:8      | Noticed a two-headed ogre
 11396 | D:8      | Killed a two-headed ogre
 11397 | D:8      | Reached skill level 6 in Fighting
 11478 | D:8      | Reached skill level 7 in Fighting
 11478 | D:8      | Reached XP level 11. HP: 63/79 MP: 0/0
 11478 | D:8      | Learned a level 5 spell: Irradiate
 11708 | D:8      | Reached skill level 8 in Fighting
 11709 | D:8      | Reached **** piety under Makhleb
 11972 | D:8      | Killed Psyche
 12542 | D:9      | Reached skill level 9 in Fighting
 13089 | D:9      | Reached skill level 1 in Shields
 13759 | D:10     | Entered Level 10 of the Dungeon
 13760 | D:10     | Noticed Fannar
 13768 | D:10     | Noticed Snorg
 13779 | D:9      | Killed Fannar
 14063 | D:10     | Noticed a two-headed ogre
 14071 | D:10     | Killed a two-headed ogre
 14123 | D:10     | Reached skill level 5 in Shields
 14512 | D:10     | Killed Snorg
 14948 | D:11     | Reached XP level 12. HP: 61/90 MP: 0/0
 14949 | D:11     | Reached ***** piety under Makhleb
 15216 | D:11     | Found a staircase to the Lair.
 16018 | D:11     | Found Gyblunyng's Demolitions Depot.
 16059 | D:11     | HP: 3/90 [something (3)]
 16072 | D:11     | HP: 2/90 [something (4)]
 16644 | D:11     | Noticed a tengu warrior
 16733 | D:11     | Reached skill level 10 in Fighting
 16873 | D:11     | Found a glowing silver altar of Zin.
 17256 | D:11     | Killed a tengu warrior
 17487 | Lair:1   | Entered Level 1 of the Lair of Beasts
 17980 | D:11     | Reached skill level 11 in Fighting
 18183 | Lair:1   | Noticed a seven-headed hydra
 18186 | Lair:1   | Reached XP level 13. HP: 99/100 MP: 0/0
 18186 | Lair:1   | Learned a level 5 spell: Lightning Bolt
 18198 | Lair:1   | Reached skill level 12 in Fighting
 18209 | Lair:1   | Killed a seven-headed hydra
 19333 | Lair:2   | Noticed a five-headed hydra
 19343 | Lair:2   | Killed a five-headed hydra
 19344 | Lair:2   | Reached skill level 13 in Fighting
 20423 | Lair:3   | Reached skill level 14 in Fighting
 20576 | Lair:3   | Found a staircase to the Snake Pit.
 20667 | Lair:3   | Found a staircase to the Swamp.
 21490 | Lair:3   | Identified the +8 rapier of Beyond {venom, Will++}
 21763 | Lair:2   | Demolished by a death yak

Illustrated notes

Levels and vault maps discovered:
D:1:      kilobyte_arrival_exit_the_forest, layout_loops_cross,
          hellmonk_ecumenical_altar_leap_of_faith,
          nicolae_concentric_dashed_squares_wild
D:2:      layout_loops_ring, basic_altar, minmay_box_of_dots
D:3:      layout_basic, mainiacjoe_overflow_six_doors_small,
          mainiacjoe_overflow_small_starburst, serial_shops, nicolae_square_shop
D:4:      layout_loops_ring, good_gods_temple_1, gammafunk_temple_overflow_wave,
          serial_shops, nicolae_diamond_shop, serial_glass, glass_columns_a,
          glass_columns_c, st_stairs_12, hangedman_abyss_or_decor_stagger,
          uniq_edmund, uniq_crazy_yiuf_cottage, uniq_natasha
D:5:      layout_basic, nicolae_overflow_crystal_walls,
          okawaru_altar_gauntlet_db, minmay_temple_entry_nine_rooms
D:6:      layout_cave_pools, minmay_misc_feat_diagonals,
          chequers_serial_rivers_room_b, st_stairs_12, uniq_sigmund, uniq_maggie
D:7:      wad_river_or_something, layout_loops_ring, general_overflow_altar,
          grunt_ministairs_4, hangedman_glass_teeth, minmay_misc_feat_roman,
          uniq_prince_ribbit1
D:8:      layout_loops_ring, mainiacjoe_overflow_concentric_impassable,
          chequers_temple_overflow_minitemple, hellmonk_ghost_happy_afterlife,
          uniq_psyche
D:9:      layout_irregular_city
D:10:     layout_gridville, minivault_19, uniq_snorg, uniq_fannar
D:11:     layout_basic, lair_entry_dummy, nicolae_blasting_shop,
          minmay_ruined_shrine
Lair:1:   layout_loops_ring
Lair:2:   layout_roguey
Lair:3:   layout_cave_pods, skrybe_swamp_entry_bodies,
          minmay_snake_entry_guardpost_small

Skill      XL: |  1  2  3  4  5  6  7  8  9 10 11 12 13 |
---------------+----------------------------------------+-----
Spellcasting   | 3 4 5 6 9 |  9.0
Armour         | 3 4 |  4.2
Fighting       | 3 5 7 9 11 14 | 14.9
Dodging        | 5 8 |  8.1
Shields        | 6 9 |  9.4
Stealth        | |  1.5

Action                   |  1- 3 |  4- 6 |  7- 9 | 10-12 | 13-15 || total
-------------------------+-------+-------+-------+-------+-------++-------
Melee: Flail             |       |    19 |     6 |    71 |    11 ||   107
       Punch             |       |       |       |     2 |       ||     2
       Rapier            |       |       |       |       |    11 ||    11
 Cast: Foxfire           |    76 |   136 |   209 |   268 |   132 ||   821
       Scorch            |       |     6 |    47 |   137 |    24 ||   214
       Flame Wave        |       |       |     4 |    19 |    15 ||    38
       Summon Lightning  |       |       |     2 |    39 |    10 ||    51
       Slow              |       |       |       |     1 |       ||     1
       Ozocubu's Armour  |       |       |       |     1 |       ||     1
       Lightning Bolt    |       |       |       |       |     1 ||     1
Evoke: Wand              |       |       |       |     3 |       ||     3
  Use: Scroll            |       |       |       |       |     3 ||     3
 Stab: Sleeping          |       |     2 |     1 |       |       ||     3
       Distracted        |       |       |       |       |     1 ||     1
Armor: Robe              |    11 |    10 |       |       |       ||    21
       Leather armour    |       |    13 |     8 |    52 |    13 ||    86
Dodge: Dodged            |    17 |    28 |    45 |   349 |    74 ||   513
Block: Kite shield       |       |       |       |    88 |    69 ||   157

Table legend: (Time is in decaauts)
 A = Elapsed time spent in this place.
 B = Non-inter-level travel time spent in this place.
 C = Inter-level travel time spent in this place.
 D = Time resting spent in this place.
 E = Time spent auto-exploring this place.
 F = Levels seen in this place.
 G = Mean time per level.
                   A        B        C        D        E       F      G
               +--------+--------+--------+--------+--------+-----+--------+
         Total |  21818 |  21273 |    545 |    196 |  18475 |  14 | 1558.4 |
       Dungeon |  18084 |  17719 |    365 |    196 |  15419 |  11 | 1644.0 |
          Lair |   3734 |   3554 |    180 |      0 |   3056 |   3 | 1244.7 |
               +--------+--------+--------+--------+--------+-----+--------+

Top non-repeatable levels by time:
    D:11: 3115 daAuts
     D:7: 2316 daAuts
     D:4: 2091 daAuts
     D:2: 1821 daAuts
     D:1: 1760 daAuts
  Lair:2: 1619 daAuts
     D:8: 1590 daAuts
     D:9: 1476 daAuts
  Lair:1: 1178 daAuts
     D:6: 1078 daAuts
     D:5: 1022 daAuts
    D:10: 955 daAuts
  Lair:3: 936 daAuts
     D:3: 856 daAuts
